 Dungeon Crawl Stone Soup version 0.20-a0-993-gba41c3c (webtiles) character file.

835 dvd the Slinger (level 8, 0/52 HPs)
             Began as a Halfling Hunter on Apr 11, 2017.
             Succumbed to a scorpion's poison
             ... on level 4 of the Dungeon.
             The game lasted 00:10:53 (4577 turns).

dvd the Slinger (Halfling Hunter)                   Turns: 4577, Time: 00:10:54

Health: 0/52       AC:  3    Str: 14    XL:     8   Next: 19%
Magic:  8/8        EV: 16    Int:  9    God:
Gold:   163        SH:  0    Dex: 16    Spells: 7/7 levels left

rFire    + + .     SeeInvis .   b - +0 short sword
rCold    + . .     Gourm    .   (shield restricted)
rNeg     . . .     Faith    .   c - +0 leather armour
rPois    +         Spirit   .   (no helmet)
rElec    +         Reflect  .   (no cloak)
rCorr    +         Harm     .   (no gloves)
MR       .....                  (no boots)
Stlth    ++........             (no amulet)
Regen    0.2/turn               i - ring of protection from fire
MPRegen  0.2/turn               (no ring)

@: lethally poisoned (0 -> -4), resistant, flying
A: mutation resistance 1
a: no special abilities


You were on level 4 of the Dungeon.
You were not hungry.

You visited 2 branches of the dungeon, and saw 5 of its levels.

You collected 163 gold pieces.

Inventory:

Hand Weapons
 a - a +1 hunting sling
 b - a +0 short sword (weapon)
Missiles
 g - 177 stones (quivered)
Armour
 c - a +0 leather armour (worn)
Jewellery
 i - a ring of protection from fire (left hand)
Scrolls
 d - a scroll of remove curse
 e - 2 scrolls of recharging
 k - a scroll of amnesia
 l - a scroll of random uselessness {unknown}
 o - 2 scrolls of teleportation
 p - a scroll of identify
Potions
 u - a potion of agility {unknown}
 w - a potion of magic {unknown}
 x - a potion of brilliance
Comestibles
 f - 2 bread rations
 h - 4 royal jellies
 m - a meat ration
 n - a chunk of flesh
 s - 5 fruits


   Skills:
 + Level 3.5 Fighting
 + Level 2.6 Short Blades
 + Level 10.3(10.4) Slings
 + Level 0.8(4.5) Throwing
 + Level 3.1 Armour
 + Level 3.4 Dodging
 + Level 2.0 Stealth


You had 7 spell levels left.
You didn't know any spells.

Dungeon Overview and Level Annotations

Branches:
Dungeon (4/15)             Temple (1/1) D:4

Altars:
Ashenzari
Cheibriados
Elyvilon
Fedhas
Gozag
Kikubaaqudgha
Nemelex Xobeh
Ru
Sif Muna
Vehumet
Xom
Zin

Shops:
D:4 :


Innate Abilities, Weirdness & Mutations

You are small and have problems with some larger weapons.
You are somewhat resistant to further mutation.


Message History

You feel sick. The scorpion closely misses you.
You hit the scorpion.
The scorpion is heavily wounded.
You feel sick. The scorpion barely misses you.
You barely miss the scorpion.
The scorpion is heavily wounded.
You feel sick. The scorpion stings you.
* * * LOW HITPOINT WARNING * * *
You barely miss the scorpion.
The scorpion is heavily wounded.
You feel sick. The scorpion stings you.
* * * LOW HITPOINT WARNING * * *
Unknown command.
It was a potion of resistance.
You feel protected. The scorpion closely misses you.
It was a potion of flight.
You feel very buoyant.
You fly up into the air.
You die...

#. #.#.# # ##(##.#.# ##
#...((..### ######.
#..(((..... ...##.
..###)(<....########.##.
.......(...(............
..###(......########.##.
#..####.......).# #.##.
(..((((.s@....#.# #.##.
...#######.####.# #.##.
#######.# #.# #....
........# #.# #####
.######.# #.## # ### #.#
#..# ## ..# #.# ##.# #.
#.##.# #.# ##.## #. #.
#.# #.##.#
#.####...#######.


You could see a scorpion.

Vanquished Creatures
  2 phantoms (D:4)
  2 ogres (D:4)
  The ghost of DEFE the Ducker, an amateur DEAK of Lugonu (D:3)
  A scorpion (D:3)
  A hound (D:3)
  A bullfrog skeleton (D:4)
  A centaur skeleton (D:4)
  5 worker ants
  2 orc wizards (D:3)
  3 adders
  2 oozes (D:1)
  3 worms
  A dart slug (D:3)
  2 leopard geckos (D:3)
  8 orcs (D:3)
  7 bats
  4 giant cockroaches
  3 hobgoblins (D:3)
  A quokka (D:3)
  4 frilled lizards
  7 goblins
  5 kobolds
  5 rats
71 creatures vanquished.

Notes
Turn   | Place    | Note
-------+----------+-------------------------------------------
     0 | D:1      | dvd the Halfling Hunter began the quest for the Orb.
     0 | D:1      | Reached XP level 1. HP: 14/14 MP: 1/1
   142 | D:1      | Reached skill level 6 in Slings
   177 | D:1      | Reached XP level 2. HP: 14/19 MP: 2/2
   711 | D:1      | Reached XP level 3. HP: 24/24 MP: 3/3
  1104 | D:2      | Found an ancient bone altar of Kikubaaqudgha.
  1232 | D:2      | Found an opulent altar of Gozag.
  1627 | D:2      | Reached skill level 7 in Slings
  1627 | D:2      | Reached skill level 1 in Armour
  1627 | D:2      | Reached XP level 4. HP: 26/29 MP: 4/4
  1927 | D:3      | Noticed DEFE's ghost (amateur DEAK)
  1997 | D:3      | Killed DEFE's ghost
  1997 | D:3      | Reached skill level 8 in Slings
  1997 | D:3      | Reached XP level 5. HP: 31/35 MP: 5/5
  2201 | D:3      | Reached XP level 6. HP: 5/41 MP: 6/6
  2857 | D:4      | Noticed an ogre
  2894 | D:3      | Reached skill level 9 in Slings
  3025 | D:4      | Found a staircase to the Ecumenical Temple.
  3032 | Temple   | Entered the Ecumenical Temple
  3353 | D:4      | Noticed an ogre
  3360 | D:4      | Killed an ogre
  3360 | D:4      | Reached XP level 7. HP: 46/46 MP: 7/7
  3490 | D:4      | Reached skill level 1 in Short Blades
  3636 | D:4      | Found Yczunas's Book Shop.
  3656 | D:4      | Found a shattered altar of Ashenzari.
  4069 | D:3      | Reached skill level 10 in Slings
  4431 | D:4      | Reached XP level 8. HP: 52/52 MP: 8/8
  4575 | D:4      | HP: 1/52 [scorpion (5)]
  4577 | D:4      | Succumbed to a scorpion's poison

Vault maps used:
D:1:      dpeg_arrival_tiny_d, kennysheep_doodads
D:2:      nicolae_overflow_hidden_temple,
          nicolae_gozag_cash_rules_everything_around_me
D:3:      first_bread
D:4:      cheibrodos_ashenzari_chains, temple_fountains, serial_shops, shop
Temple:   compressed_dpeg_triangle_lava_temple

Skill      XL: |  1  2  3  4  5  6  7 |
---------------+----------------------+-----
Slings         | 6 7 8 9 10 | 10.3
Fighting       | 2 3 |  3.5
Armour         | 1 2 3 |  3.1
Dodging        | 3 |  3.4
Short Blades   | 2 |  2.6
Stealth        | 2 |  2.0
Throwing       | |  0.8

Action                   |  1- 3 |  4- 6 |  7- 9 || total
-------------------------+-------+-------+-------++-------
Melee: Short sword       |       |    64 |    65 ||   129
       Dagger            |       |       |    43 ||    43
 Fire: Hunting sling     |    60 |    99 |    65 ||   224
Throw: Stone             |       |     4 |       ||     4
  Use: Potion            |       |     3 |     4 ||     7
       Scroll            |       |       |     6 ||     6
 Stab: Invisible         |       |       |     2 ||     2
  Eat: Chunk             |     2 |     5 |     4 ||    11
Armor: Leather armour    |     3 |    17 |    12 ||    32
Dodge: Dodged            |     6 |    67 |    83 ||   156
